 Dungeon Crawl Stone Soup version 0.20-a0-537-g052e6ba (webtiles) character file.

40 Rhoefr the Sneak (level 3, 0/18 HPs)
             Began as a Vine Stalker Assassin on Jan 28, 2017.
             Succumbed to an adder's poison
             ... on level 2 of the Dungeon.
             The game lasted 00:03:10 (1368 turns).

Rhoefr the Sneak (Vine Stalker Assassin)            Turns: 1368, Time: 00:03:10

Health: 0/18       AC:  3    Str: 13    XL:     3   Next: 50%
Magic:  4/4        EV: 11    Int: 11    God:
Gold:   40         SH:  0    Dex: 16    Spells: 2/2 levels left

rFire    . . .     SeeInvis .   a - +2 dagger (speed)
rCold    . . .     Gourm    .   c - +0 robe
rNeg     . . .     Faith    .   (no shield)
rPois    .         Spirit   +   (no helmet)
rElec    .         Reflect  .   d - +0 cloak
rCorr    .         Harm     .   (no gloves)
MR       .....                  (no boots)
Stlth    +++.......             (no amulet)
Regen    0.1/turn               (no ring)
                                (no ring)

@: lethally poisoned (0 -> -8), very slightly contaminated, invisible
A: fangs 2, magic shield, antimagic bite, no potion heal 3, rot immunity
a: no special abilities


You were on level 2 of the Dungeon.
You were very hungry.

You visited 1 branch of the dungeon, and saw 2 of its levels.

You collected 40 gold pieces.

Inventory:

Hand Weapons
 a - a +2 dagger of speed (weapon)
 b - a +0 blowgun
Missiles
 e - 24 poisoned needles
 f - 2 curare-tipped needles
Armour
 c - a +0 robe (worn)
 d - a +0 cloak (worn)
Scrolls
 i - a scroll of fear {unknown}
 k - a scroll of identify {unknown}
Potions
 h - a potion of agility {unknown}
Comestibles
 g - 2 bread rations
 m - a meat ration


   Skills:
 - Level 1.7 Fighting
 * Level 2.8 Short Blades
 - Level 1.7 Throwing
 - Level 0.7 Dodging
 + Level 5.5 Stealth


You had 2 spell levels left.
You didn't know any spells.

Dungeon Overview and Level Annotations

Branches:
Dungeon (2/15)

Altars:


Innate Abilities, Weirdness & Mutations

You have extremely sharp teeth.
When hurt, damage is shared between your health and your magic reserves.
Your bite disrupts and absorbs the magic of your enemies.
Potions cannot restore your health.
You are immune to rotting.


Message History

The adder bites you.
* * * LOW HITPOINT WARNING * * *
You are more poisoned.
The adder poisons you!
You are too injured to fight recklessly!
You are too injured to fight recklessly!
You are too injured to fight recklessly!
* * * LOW HITPOINT WARNING * * *
You feel sick.
* * * LOW HITPOINT WARNING * * *
You feel sick.
The quokka looks more healthy.
* * * LOW HITPOINT WARNING * * *
You feel sick. The adder misses you.
It was a potion of invisibility.
You fade into invisibility!
* * * LOW HITPOINT WARNING * * *
You feel sick.
The adder looks more healthy.
The adder bites you.
You are very lightly contaminated with residual magic.
It was a potion of magic.
Magic courses through your body.
You die...

........(........ .....
.##.#..[......... .....
###w#.##############
#(#.# #........#
##+###.#.#####.#...##.#
#.....r#.......+...+...
#......#######<#...####
#....rS#....<#.....+...
##'###@#.#######...####
#.# #.#...........# #.#
#...........###
#.####################
#.....................
#....#################
#....# #....# ......#


You could see a worm, an adder, a quokka and a rat.

Vanquished Creatures
  3 dart slugs (D:1)
  2 leopard geckos (D:1)
  An orc (D:2)
  5 bats (D:1)
  2 giant cockroaches (D:1)
  2 goblins
  3 hobgoblins
  2 jackals (D:1)
  6 kobolds (D:1)
  A ball python (D:1)
  A frilled lizard (D:2)
  2 rats (D:1)
30 creatures vanquished.

Notes
Turn   | Place    | Note
-------+----------+-------------------------------------------
     0 | D:1      | Rhoefr the Vine Stalker Assassin began the quest for the Orb.
     0 | D:1      | Reached XP level 1. HP: 11/11 MP: 2/2
    85 | D:1      | Reached skill level 5 in Stealth
    87 | D:1      | Reached XP level 2. HP: 3/15 MP: 3/3
   655 | D:1      | Reached XP level 3. HP: 18/18 MP: 4/4
  1368 | D:2      | Succumbed to an adder's poison

Vault maps used:
D:1:      dpeg_arrival_concentric_ovals
D:2:      zin_academy, overflow_temple_1_default, first_bread,
          kennysheep_generic_room_7

Skill      XL: |  1 |
---------------+----+-----
Short Blades   | 2 |  2.8
Stealth        | 5 |  5.5
Fighting       | |  1.7
Throwing       | |  1.7
Dodging        | |  0.7

Action                   || total
-------------------------++-------
Melee: Dagger            ||    99
       Bite              ||    23
 Fire: Blowgun           ||     2
  Use: Potion            ||     2
 Stab: Sleeping          ||     5
Armor: Robe              ||    28
Dodge: Dodged            ||    83
